General information
- name: BNet
- type: Ladder team game (AT/RT)
- host: Battle.net
- saver: BatriderBomber
map: Slalom
- players: 8
- length: 02:18
- speed: Fast
- version: 1.26 W3XP
- replay type: Public
» download(8 KB)
Players
team 1 (loser)
BatriderBomber (
orange | 25 APM | 57 actions | 02:18)
1 Blood Mage
1 Flame Strike
» actions
| Assign group hotkey | 2 | |
| Basic commands | 10 | |
| Build / train | 5 | |
| Enter build submenu | 2 | |
| Enter hero's abilities submenu | 1 | |
| Right click | 8 | |
| Select / deselect | 15 | |
| Select group hotkey | 5 | |
| Use ability | 9 | |
57 total
» units
» buildings
» build order
00:03 Altar of Kings
00:43 Farm
quinnisugly (
blue | 11 APM | 25 actions | 02:18)
» actions
| Basic commands | 1 | |
| Build / train | 4 | |
| Enter build submenu | 3 | |
| Right click | 3 | |
| Select / deselect | 11 | |
| Use ability | 3 | |
25 total
» units
» buildings
| Barracks | 1 | |
| Altar of Kings | 1 | |
| Farm | 1 | |
3 total
» build order
00:07 Barracks
00:29 Altar of Kings
01:35 Farm
team 2 (winner)

»
WindyCity773 (
red | 31 APM | 72 actions | 02:18)
» actions
| Assign group hotkey | 3 | |
| Build / train | 11 | |
| Enter build submenu | 6 | |
| Right click | 15 | |
| Select / deselect | 22 | |
| Select group hotkey | 9 | |
| Use ability | 6 | |
72 total
» units
» buildings
| Altar of Kings | 1 | |
| Farm | 4 | |
| Barracks | 1 | |
6 total
» build order
00:16 Altar of Kings
00:20 Farm
00:36 Barracks
00:58 Farm
01:31 Farm
02:12 Farm

»
qoot (
pink | 0 APM | 0 actions | 02:18)

»
mangowithtango (
green | 31 APM | 72 actions | 02:18)
» actions
| Build / train | 8 | |
| Enter build submenu | 7 | |
| Right click | 29 | |
| Select / deselect | 23 | |
| Use ability | 5 | |
72 total
» units
» buildings
| Altar of Elders | 1 | |
| Moon Well | 2 | |
| Altar of Kings | 1 | |
| Ancient of War | 1 | |
5 total
» build order
00:08 Altar of Elders
00:15 Moon Well
00:36 Altar of Kings
01:22 Ancient of War
01:59 Moon Well

»
Watch-YourMouth (
purple | 37 APM | 85 actions | 02:18)
» actions
| Build / train | 15 | |
| Enter build submenu | 10 | |
| Right click | 24 | |
| Select / deselect | 28 | |
| Use ability | 8 | |
85 total
» units
| Acolyte | 2 | |
| Peasant | 7 | |
| Footman | 3 | |
| Ghoul | 2 | |
14 total
» buildings
| Crypt | 1 | |
| Graveyard | 1 | |
| Barracks | 1 | |
| Altar of Kings | 1 | |
| Farm | 1 | |
| Scout Tower | 1 | |
| Altar of Darkness | 1 | |
| Ziggurat | 1 | |
8 total
» build order
00:20 Crypt
00:28 Graveyard
00:37 Barracks
00:43 Altar of Kings
00:46 Farm
00:53 Scout Tower
01:06 Altar of Darkness
01:12 Ziggurat
Chat log
(00:10 / All) BatriderBomber: hey wussup fellow WGDF'ers
(00:18 / Allies) quinnisugly: i suck so dont rely on me
(00:26 / Allies) IgnorantMonkey: oj is ehm bsing
(00:27 / Allies) BatriderBomber: sure you do
(00:31 / Allies) BatriderBomber: suuuuuuuuuuuuuuuure you do blue
(00:36 / Allies) quinnisugly: i really do haha
(00:45 / Allies) IgnorantMonkey: oj is bsing
(00:49 / All) IgnorantMonkey: oj is bsing gg
(00:55 / All) WindyCity773: gg
(01:06 / All) BatriderBomber: because theres not 4 level ones in this game who are already going to backstab?
(01:09 / All) BatriderBomber: just getting it over
(01:55 / All) WindyCity773: gg